 Dungeon Crawl Stone Soup version 0.29-a0-322-g68df515428 (webtiles) character file.

Game seed: 7900985133627695837

44 Bnni the Skirmisher (level 3, -10/26 HPs)
             Began as an Octopode Fighter on Apr 3, 2022.
             Mangled by an orc
             ... wielding a +1 whip of distortion
              (15 damage)
             ... on level 3 of the Dungeon on Apr 6, 2022.
             The game lasted 00:03:51 (1708 turns).

Bnni the Skirmisher (Octopode Fighter)              Turns: 1708, Time: 00:03:53

Health: -10/26     AC:  1    Str: 15    XL:     3   Next: 60%
Magic:  3/3        EV: 13    Int: 10    God:
Gold:   101        SH:  4    Dex: 13    Spells: 2/2 levels left

rFire   . . .      SeeInvis .     - Unarmed
rCold   . . .      Faith    .   a - +0 buckler
rNeg    . . .      Spirit   .   (helmet restricted)
rPois   .          Reflect  .   (no amulet)
rElec   .          Harm     .   (no ring)
rCorr   .          Rampage  .   (no ring)
Will    .....                   (no ring)
Stlth   ++........              (no ring)
HPRegen 0.08/turn               (no ring)
MPRegen 0.08/turn               (no ring)
                                (no ring)
                                (no ring)

@: mighty
A: almost no armour, amphibious, 8 rings, camouflage 1, gelatinous body 1,
(nimble swimmer 1), tentacles
a: no special abilities


You were on level 3 of the Dungeon.
You visited 1 branch of the dungeon, and saw 3 of its levels.

You collected 101 gold pieces.

Inventory:

Missiles
 n - 6 poisoned darts (quivered)
Armour
 a - a +0 buckler (worn)
Jewellery
 k - a ring of wizardry
Scrolls
 e - a scroll of magic mapping {unknown}
 f - 2 scrolls of identify {unknown}
 j - a scroll of enchant armour {unknown}
 l - a scroll of summoning {unknown}
 m - a scroll of amnesia {unknown}
Potions
 c - a potion of flight {unknown}
 d - a potion of attraction {unknown}
 g - a potion of lignification {unknown}
 h - a potion of degeneration {unknown}
 i - a potion of heal wounds {unknown}


   Skills:
 + Level 3.5 Fighting
 - Level 3.0 Dodging
 - Level 3.0 Shields
 * Level 3.3 Unarmed Combat


You had 2 spell levels left.
You didn't know any spells.
Your spell library was empty.

Dungeon Overview and Level Annotations

Branches:
Dungeon (3/15)

Altars:
Makhleb


Innate Abilities, Weirdness & Mutations

You cannot wear most types of armour.
You are amphibious.
You can wear up to eight rings at the same time.
Your skin changes colour to match your surroundings (Stealth+).
Your rubbery body absorbs attacks. (AC +1, EV +1)
((You are camouflaged when in or above water. (Stealth+)))
You have tentacles for arms and can constrict up to eight enemies at once.


Message History

You constrict the dart slug. You tentacle-slap the dart slug.
You kill the dart slug!
No target in view!
No target in view!
No target in view!
No target in view!
No target in view!
A ball python comes into view.
Found a falchion.
A ball python is nearby!
The helpless ball python fails to defend itself.
You tentacle-slap the ball python. Your grab misses the ball python.
You squeeze the ball python.
You kill the ball python!
No target in view!
You open the large door.
Found a burning altar of Makhleb.
Found an escape hatch in the floor.
No target in view!
An orc comes into view. It is wielding a +1 whip of distortion.
Found a ruby ring.
A giant cockroach comes into view.
Found a stone staircase leading up.
The helpless orc fails to defend itself.
You tentacle-slap the orc. Your grab misses the orc.
The orc is moderately wounded.
The orc barely misses you.
You barely miss the orc. Your grab misses the orc.
The orc is moderately wounded.
The orc hits you with a +1 whip of distortion.
Space warps horribly around you!
Ouch! That really hurt!
You are too injured to fight recklessly!
You feel very mighty all of a sudden. The giant cockroach barely misses you.
The orc hits you with a +1 whip of distortion.
* * * LOW HITPOINT WARNING * * *
Space warps horribly around you!
Ouch! That really hurt!
You die...

#.. #.. ..#
#.. ..# #.#
##..#### #.#
....... #.#
#<.... ###.#
#...# ....#
#.o.# ###.#
#@B.# ....#
####...#
.##.#
#.....=#####
.##.#
#.##........
.##.####
#.##.#######
.##....#
#.##.#
.#####.#
#.##.# .#
#.# #.##.#
.# #.#
#.##.#


You could see an orc and a giant cockroach.

Vanquished Creatures
  An adder (D:2)
  A dart slug (D:3)
  3 ball pythons
  3 bats
  5 endoplasms (D:1)
  2 giant cockroaches
  2 goblins
  2 hobgoblins (D:1)
  2 jackals (D:2)
  3 kobolds
  3 frilled lizards
  2 rats
29 creatures vanquished.

Notes
Turn   | Place    | Note
-------+----------+-------------------------------------------
     0 | D:1      | Bnni the Octopode Fighter began the quest for the Orb.
     0 | D:1      | Reached XP level 1. HP: 16/16 MP: 1/1
   150 | D:1      | Reached XP level 2. HP: 21/21 MP: 2/2
   884 | D:2      | Upgraded the game from 0.29-a0-321-gf1c400731a to
                  | 0.29-a0-322-g68df515428
   989 | D:2      | Reached XP level 3. HP: 23/26 MP: 3/3
  1046 | D:2      | Found a faded altar of an unknown god.
  1636 | D:3      | Found a burning altar of Makhleb.
  1708 | D:3      | Mangled by an orc

Illustrated notes

Levels and vault maps discovered:
D:1:      amcnicky_arrival_feature_with_door, layout_loops_cross
D:2:      layout_basic, ebering_ecumenical_altar_petrified
D:3:      layout_loops_ring, general_overflow_altar,
          chequers_serial_rivers_micro_d, amcnicky_mini_corridor_feature,
          uniq_natasha, uniq_robin, uniq_grinder

Skill      XL: |  1  2 |
---------------+-------+-----
Unarmed Combat | 3 |  3.3
Fighting       | |  3.5
Dodging        | |  3.0
Shields        | |  3.0

Action                   || total
-------------------------++-------
Melee: Unarmed           ||    52
       Tentacles         ||    13
       Constrict         ||    11
  Use: Potion            ||     1
 Stab: Sleeping          ||     8
Dodge: Dodged            ||    25
Block: Buckler           ||     7

Table legend: (Time is in decaauts)
 A = Elapsed time spent in this place.
 B = Non-inter-level travel time spent in this place.
 C = Inter-level travel time spent in this place.
 D = Time resting spent in this place.
 E = Time spent auto-exploring this place.
 F = Levels seen in this place.
 G = Mean time per level.
                   A        B        C        D        E       F      G
               +--------+--------+--------+--------+--------+-----+--------+
         Total |   1706 |   1625 |     81 |      0 |   1428 |   3 |  568.7 |
       Dungeon |   1706 |   1625 |     81 |      0 |   1428 |   3 |  568.7 |
               +--------+--------+--------+--------+--------+-----+--------+

Top non-repeatable levels by time:
     D:2: 792 daAuts
     D:1: 775 daAuts
     D:3: 138 daAuts
